Map: 光影交错-天梯版

Players

iGXY (XY) - Winner!

  • Race: Terran Terran
  • League: Master

iGMacSed (MacSed)

  • Race: Protoss Protoss
  • League: Master

Event: DreamHack SC2 Masters 2021 Winter

VOD

Have the link to the VOD?

Description

Time

  • Played on: Oct. 7, 2021, 7:11 a.m.
  • Length: 8:22

All games in this series

Show
View Real Time Build Order
Export as new Build Order

iGXY Terran - Winner!

Build Orders:  

Get SALT Encoding   

  12  0:00  SCV  
  13  0:12  SCV  
  14  0:17  Supply Depot  
  14  0:24  SCV  
  15  0:38  SCV  
  15  0:39  Barracks  
  16  0:43  Refinery  
  16  0:50  SCV  
  17  1:02  SCV  
  18  1:15  SCV  
  19  1:25  Marine  
  19  1:27  Orbital Command  
  20  1:39  Command Center  
  20  1:51  Factory  
  20  1:53  SCV  
  21  2:03  Supply Depot  
  21  2:05  Barracks Reactor  
  21  2:07  SCV  
  22  2:11  Refinery  
  22  2:19  SCV  
  23  2:31  SCV  
  24  2:37  Starport  
  24  2:41  Marine x2  
  24  2:42  Widow Mine  
  24  2:43  SCV  
  29  2:51  Orbital Command  
  29  2:55  SCV  
  30  2:58  Marine x2  
  30  3:03  Widow Mine  
  34  3:07  SCV  
  35  3:12  Orbital Command  
  35  3:13  Medivac  
  35  3:17  Supply Depot  
  35  3:18  Marine  
  35  3:19  Marine  
  39  3:22  SCV  
  39  3:25  Widow Mine  
  42  3:34  SCV  
  43  3:36  Marine x2  
  43  3:38  SCV  
  46  3:45  Starport Tech Lab  
  46  3:47  Factory Tech Lab  
  46  3:48  SCV  
  47  3:50  SCV  
  47  3:55  Barracks  
  48  3:57  Marine x2  
  48  4:00  SCV  
  48  4:02  SCV  
  52  4:04  Supply Depot  
  52  4:12  SCV  
  52  4:14  SCV  
  54  4:18  Supply Depot  
  54  4:26  SCV, Siege Tank, Raven, Marine x2  
  60  4:40  SCV  
  60  4:41  SCV  
  60  4:43  Marine x2  
  60  4:44  Barracks Tech Lab  
  64  4:47  Barracks  
  64  4:52  SCV, Bunker  
  63  4:53  SCV  
  63  4:55  Supply Depot  
  63  4:57  Engineering Bay  
  64  5:05  Marine x2  
  66  5:07  SCV  
  66  5:11  Refinery x2  
  66  5:12  Stimpack  
  66  5:14  SCV  
  68  5:20  Siege Tank  
  71  5:21  SCV  
  71  5:25  Terran Infantry Weapons Level 1  
  71  5:26  SCV  
  73  5:30  Missile Turret  
  73  5:33  SCV, Marine x2  
  75  5:43  SCV  
  75  5:46  Supply Depot x2, SCV  
  73  5:53  Siege Tank  
  73  5:55  SCV  
  77  5:57  Marine  
  77  5:59  Starport Reactor  
  78  6:05  Supply Depot  
  78  6:07  Marine x2  
  78  6:10  Barracks  
  78  6:11  Barracks  
  79  6:15  SCV x2  
  79  6:16  Combat Shield  
  79  6:17  Marauder  
  82  6:24  Marine  
  82  6:25  Siege Tank, Marine  
  86  6:27  SCV x2  
  86  6:29  Marine  
  90  6:37  Marine  
  91  6:41  Supply Depot  
  91  6:42  Supply Depot  
  91  6:45  Marine x2  
  91  6:46  Medivac, Viking  
  97  6:47  Marauder  
  97  6:56  Marauder  
  97  6:58  Marine  
  97  6:59  Marine  
  101  7:02  Marine  
  101  7:03  Siege Tank, Marine  
  101  7:05  Missile Turret  
  106  7:09  Marauder  
  108  7:16  Medivac, Marine x2  
  108  7:17  Marine  
  108  7:20  Marine x2  
  115  7:29  Marine  
  115  7:34  SCV, Marine  
  115  7:36  Marine  
  118  7:41  SCV  
  118  7:44  Supply Depot  
  118  7:46  Marine  
  118  7:47  SCV, Siege Tank, Medivac  
  118  7:50  Medivac  
  124  7:53  Marine  
  124  7:54  SCV, Marine  
  109  8:09  SCV  
Show
View Real Time Build Order
Export as new Build Order

iGMacSed Protoss 

Build Orders: 1 Gate Expand, Colossus Rush 

Get SALT Encoding   

  12  0:00  Probe  
  13  0:12  Probe  
  14  0:16  Pylon  
  14  0:24  Probe (Chrono Boost)  
  16  0:35  Gateway  
  16  0:36  Probe (Chrono Boost)  
  16  0:42  Probe (Chrono Boost)  
  16  0:45  Assimilator  
  17  0:50  Probe  
  18  1:03  Probe  
  19  1:15  Probe  
  20  1:22  Cybernetics Core  
  20  1:31  Nexus  
  20  1:37  Pylon  
  20  1:40  Probe  
  20  1:45  Assimilator  
  21  1:53  Probe  
  22  1:56  Stalker (Chrono Boost)  
  24  2:05  Probe  
  24  2:06  Warp Gate  
  24  2:17  Probe  
  24  2:18  Stalker (Chrono Boost)  
  27  2:29  Probe  
  28  2:34  Shield Battery  
  28  2:42  Probe (Chrono Boost)  
  28  2:44  Probe (Chrono Boost)  
  30  2:45  Sentry  
  32  2:55  Probe (Chrono Boost)  
  32  2:57  Robotics Facility, Probe (Chrono Boost)  
  34  3:00  Probe (Chrono Boost)  
  34  3:05  Probe  
  36  3:08  Gateway  
  36  3:12  Gateway  
  36  3:15  Probe  
  36  3:17  Probe  
  38  3:22  Pylon  
  39  3:27  Probe  
  39  3:29  Probe  
  39  3:33  Pylon  
  40  3:39  Probe  
  40  3:41  Pylon  
  41  3:46  Observer (Chrono Boost)  
  41  3:47  Probe  
  43  3:51  Probe  
  43  3:54  Stalker  
  46  3:59  Probe  
  47  4:03  Probe  
  47  4:07  Stalker  
  54  4:11  Probe  
  54  4:13  Warp Prism (Chrono Boost)  
  54  4:15  Probe  
  54  4:19  Assimilator  
  54  4:21  Assimilator  
  54  4:22  Pylon  
  54  4:23  Probe  
  55  4:27  Stalker  
  55  4:39  Probe  
  55  4:43  Probe  
  44  4:47  Adept  
  44  4:49  Adept  
  44  4:51  Adept  
  50  4:56  Probe x2 (Chrono Boost)  
  52  5:05  Probe x2 (Chrono Boost)  
  54  5:10  Probe x2 (Chrono Boost)  
  54  5:13  Robotics Bay  
  56  5:19  Forge  
  56  5:22  Probe (Chrono Boost)  
  56  5:28  Probe (Chrono Boost)  
  58  5:30  Probe (Chrono Boost)  
  58  5:33  Stalker  
  58  5:34  Probe (Chrono Boost)  
  62  5:36  Stalker  
  62  5:39  Probe  
  65  5:46  Probe  
  66  5:51  Probe  
  66  5:54  Protoss Ground Weapons Level 1  
  67  5:57  Colossus (Chrono Boost)  
  67  5:58  Probe  
  67  6:00  Observer  
  67  6:03  Probe  
  75  6:06  Extended Thermal Lance  
  75  6:15  Probe  
  76  6:19  Twilight Council  
  76  6:28  Gateway  
  76  6:31  Gateway  
  76  6:39  Pylon  
  76  6:46  Gateway  
  76  6:54  Colossus (Chrono Boost)  
  76  6:56  Pylon  
  82  7:09  Zealot  
  82  7:10  Sentry  
  82  7:12  Pylon  
  82  7:14  Probe  
  82  7:15  Sentry  
  89  7:16  Nexus  
  89  7:19  Pylon  
  84  7:37  Zealot x3  
  84  7:41  Shield Battery  
  92  7:48  Zealot x2  
  84  8:02  Zealot x4  
  66  8:13  Zealot x2  

Tags
 
Add a new tag
Caveats
  • Supply blocks, unpowered buildings, or Contaminate may cause inaccurate times.
  • Supply counts are checked every 10 seconds.